 Dungeon Crawl Stone Soup version 0.30-a0-953-g5f1da4a474 (webtiles) character file.

Game seed: 10291406955147920209

16669 ytrimaz the Severer (level 12, -6/100 HPs)
             Began as a Formicid Fighter on Mar 28, 2023.
             Mangled by an orc warlord
             ... wielding a +7 battleaxe
              (31 damage)
             ... in a bailey.
             The game lasted 00:10:31 (6988 turns).

ytrimaz the Severer (Formicid Fighter)              Turns: 6988, Time: 00:10:32

Health: -6/100     AC: 18    Str: 24    XL:     12   Next: 73%
Magic:  12/12      EV: 10    Int:  7    God:
Gold:   155        SH:  5    Dex: 13    Spells: 11/11 levels left

rFire   + . .      SeeInvis +    b - +2 hand axe (flame)
rCold   + + +      Faith    .    c - +0 buckler
rNeg    . . .      Spirit   .    m - +5 ring mail of the Realm of Zot {rF+}
rPois   +          Reflect  .    (helmet unavailable)
rElec   .          Rampage  .    (no cloak)
rCorr   +                        i - +2 pair of gloves "Veppue" {+Blink rC+++ rCorr Str-3}
Will    +....                    q - +1 pair of boots
Stlth   +                        r - amulet of regeneration
HPRegen 1.16/turn                t - ring of poison resistance
MPRegen 0.13/turn                (no ring)

@: no status effects
A: permanent stasis, dig shafts and tunnels, antennae 3, four strong arms
a: Dig


You were in a bailey.
You visited 1 branch of the dungeon, and saw 7 of its levels.
You also visited: Bailey.

You collected 380 gold pieces.
You spent 225 gold pieces at shops.


Innate Abilities, Weirdness & Mutations

You cannot be hasted, slowed, berserked, paralysed or teleported.
You can dig through walls and to a lower floor.
You have a pair of large antennae on your head. (SInv)
Your four strong arms can wield two-handed weapons with a shield.


   Skills:
 - Level 11.5 Fighting
 + Level 15.0 Axes
 - Level 9.9 Armour
 - Level 4.0 Shields


You had 11 spell levels left.
You didn't know any spells.
Your spell library contained the following spells:

 Spells                   Type           Power      Damage    Failure   Level
 Shock                    Conj/Air       0%         1d3       63%         1
 Airstrike                Air            0%         2d(0-16)  100%        4
 Iskenderun's Battlesphe  Conj           0%         2d6       100%        5
 Iron Shot                Conj/Erth      0%         9d1       100%        6
 Spellforged Servitor     Conj/Summ      0%         N/A       100%        7
 Swiftness                Air            Unusable   N/A       N/A         3

Inventory:

Hand Weapons
 a - a +0 war axe
 b - a +2 hand axe of flaming (weapon)
   (You took it off an orc on level 5 of the Dungeon)
 g - a +0 broad axe
   (You took it off an orc warrior in a bailey)
Missiles
 d - a throwing net
 l - 9 poisoned darts
Armour
 c - a +0 buckler (worn)
 i - the +2 pair of gloves "Veppue" (worn) {+Blink rC+++ rCorr Str-3}
   (You acquired it on level 7 of the Dungeon)

   Str:       It affects your strength (-3).
   rC:        It renders you almost immune to cold.
   +Blink:    It lets you blink.
   rCorr:     It protects you from acid and corrosion.
 j - a +0 plate armour
   (You took it off an orc warrior in a bailey)
 m - the +5 ring mail of the Realm of Zot (worn) {rF+}
   (You bought it in a shop on level 5 of the Dungeon)

   rF:        It protects you from fire.
 q - a +1 pair of boots (worn)
   (You found it on level 5 of the Dungeon)
Jewellery
 r - an amulet of regeneration (around neck)
   (You found it on level 5 of the Dungeon)
 t - a ring of poison resistance (left hand)
   (You found it on level 6 of the Dungeon)
Wands
 s - a wand of roots (2) (quivered)
   (You found it on level 5 of the Dungeon)
Scrolls
 f - 3 scrolls of enchant weapon
 o - 4 scrolls of fear
 v - a scroll of identify
 w - a scroll of silence {unknown}
Potions
 e - 4 potions of curing
 k - a potion of cancellation {unknown}
 n - 2 potions of brilliance {unknown}
 p - a potion of berserk rage {unknown}
 x - 2 potions of magic {unknown}

Dungeon Overview and Level Annotations

Branches:
Dungeon (7/15) Zot: 26363  Temple (0/1) D:7          Bailey (1/1) Zot: 5654

Altars:
Fedhas
Yredelemnul

Shops:
D:2 =   D:5 [

Annotations:
D:1 1 transporter

####### ##°§°§°## #§§§@§§○#
##.§oo§☼§## #§§.☼o§°°○#
##§○○☼§☼☼.§##
#######§☼☼○°§o°○°§#######
##.....##§○☼°o.○○°##.....##
#.....).§○○.°.§○§○°.......#
##......§##○§§.§.§##○......##
#.........#.......#.........#


You could see an orc warlord (strong, extremely poisoned), an orc knight
(strong, extremely poisoned), 2 orc warriors and an orc (strong).


Message History

The orc warrior goes into a battle-frenzy!
Okay, then.
The air fills with toxic fumes!
As you read the scroll of poison, it crumbles to dust.
The orc no longer looks unusually strong.
Unknown command.
Unknown command.
The orc warlord is engulfed in poison gas.
The orc warlord is poisoned.
The orc warrior is engulfed in poison gas.
The orc warrior is poisoned.
The orc knight roars a battlecry!
The orcs go into a battle-frenzy!
The orc warrior no longer looks unusually strong.
The orc warlord is engulfed in poison gas.
The orc warlord looks even sicker.
The orc warrior is engulfed in poison gas.
The orc warrior looks even sicker.
Unknown command.
You hit the orc warrior but do no damage.
Unknown command.
You slice the orc warrior!! You burn the orc warrior!
You kill the orc warrior!
The orc warlord is engulfed in poison gas.
The orc warlord looks even sicker.
The orc warlord roars a battlecry!
The orc warrior goes into a battle-frenzy!
The orc knight is engulfed in poison gas.
The orc knight is poisoned.
Unknown command.
Unknown command.
The orc warlord is engulfed in poison gas.
The orc warlord looks as sick as possible!
The orc knight is engulfed in poison gas.
The orc knight looks even sicker.
Unknown command.
You slash the orc warlord! You burn the orc warlord.
The orc warlord is engulfed in poison gas.
The orc warlord looks as sick as possible!
The orc warlord barely misses you.
The orc knight looks even sicker.
Unknown command.
You hit the orc warlord but do no damage.
You hit the orc knight. You burn the orc knight.
Unknown command.
You slash the orc warlord! You burn the orc warlord. You hit the orc knight.
You burn the orc knight.
The orc warlord is engulfed in poison gas.
The orc warlord looks as sick as possible!
The orc warlord hits you with a +7 battleaxe!!
The orc knight is engulfed in poison gas.
The orc knight looks as sick as possible!
The orc knight barely misses you. 😮 HP[-30]
You take 30 damage, and now have 70/100 hp.
MASSIVE DAMAGE!! (PAUSE)
You hit the orc warlord but do no damage.
You hit the orc knight.
You burn the orc knight. 😮 HP[+1] Unknown command.
You slash the orc warlord! You burn the orc warlord. You hit the orc knight.
You burn the orc knight.
The orc warlord is engulfed in poison gas.
The orc warlord looks as sick as possible!
The orc warlord hits you with a +7 battleaxe!!
* * * LOW HITPOINT WARNING * * *
The orc knight is engulfed in poison gas.
The orc knight looks as sick as possible!
The orc knight hits you with a +0 broad axe!!
* * * LOW HITPOINT WARNING * * *
😨 HP[-44]
You take 44 damage, and now have 27/100 hp.
MASSIVE DAMAGE!! (PAUSE)
You feel much better.
The orc warlord is engulfed in poison gas.
The orc warlord looks as sick as possible!
You block the orc warlord's attack.
The orc knight is engulfed in poison gas.
The orc knight looks as sick as possible!
The orc knight hits you with a +0 broad axe!!!
* * * LOW HITPOINT WARNING * * *
😱 HP[-12]
You take 12 damage, and now have 15/100 hp.
Unknown command.
Unknown command.
You feel much better.
The orc warlord is engulfed in poison gas.
The orc warlord looks as sick as possible!
The orc warlord hits you with a +7 battleaxe!!!
* * * LOW HITPOINT WARNING * * *
The orc knight is engulfed in poison gas.
The orc knight looks as sick as possible!
The orc knight barely misses you. 😱 HP[-11]
You take 11 damage, and now have 4/100 hp.
Unknown command.
You feel much better.
The orc warlord is engulfed in poison gas.
The orc warlord looks as sick as possible!
The orc warlord hits you with a +7 battleaxe!!
You die...

Skill      XL: |  1  2  3  4  5  6  7  8  9 10 11 |
---------------+----------------------------------+-----
Axes           | 3 4 5 7 8 10 13 14 15 | 15.0
Fighting       | 11 | 11.5
Armour         | 9 |  9.9
Shields        | |  4.0

Action                     |  1- 3 |  4- 6 |  7- 9 | 10-12 || total
---------------------------+-------+-------+-------+-------++-------
  Melee: War axe           |    74 |   154 |    84 |       ||   312
         Hand axe          |       |       |   157 |   260 ||   417
  Throw: Throwing net      |       |     1 |       |       ||     1
         Dart              |       |       |    12 |     4 ||    16
Ability: Dig               |       |     3 |       |       ||     3
  Evoke: Wand              |       |       |       |     5 ||     5
    Use: Scroll            |     5 |     3 |     3 |     3 ||    14
         Potion            |       |     1 |       |     6 ||     7
   Stab: Held in net/web   |       |     1 |       |       ||     1
 Armour: Scale mail        |    49 |    69 |    35 |       ||   153
         Ring mail         |       |       |    64 |    67 ||   131
         Skin              |       |       |       |    11 ||    11
  Dodge: Dodged            |    46 |    88 |    83 |    77 ||   294
  Block: Buckler           |    23 |    51 |    52 |    42 ||   168

Levels and vault maps discovered:
D:1:      spicycebolla_arrival_risky_transporter, layout_basic, st_stairs_1
D:2:      minmay_chambers_of_twos, layout_basic, basic_altar,
          hellmonk_ecumenical_altar_dog_temple, nicolae_shop_unique_rings,
          dk_noncrumbling_3
D:3:      layout_basic, uniq_jessica, uniq_robin
D:4:      layout_basic, uniq_grinder, uniq_natasha
D:5:      layout_cave_pods, serial_shops, nicolae_shop_behind_doors,
          minmay_between
D:6:      minmay_angry_zag, layout_cave_pools, hangedman_decor_peaks_small,
          minmay_misc_feat_tower, minmay_a_box_with_orc_wizards_in_it,
          uniq_duvessa, uniq_pikel
D:7:      layout_loops_corners, grunt_temple_overflow_octagram, temple_hall,
          enter_bailey_6, grunt_ministairs_4, uniq_menkaure, uniq_prince_ribbit1
Bailey:   bailey_axe_minmay_hex_keep, bailey

Notes
Turn   | Place    | Note
-------+----------+-------------------------------------------
     0 | D:1      | ytrimaz the Formicid Fighter began the quest for the Orb.
     0 | D:1      | Reached XP level 1. HP: 18/18 MP: 1/1
     0 | D:1      | magus.rc [v1.9.6]
   236 | D:1      | Reached XP level 2. HP: 22/24 MP: 2/2
   417 | D:1      | Reached skill level 3 in Axes
   759 | D:1      | Reached XP level 3. HP: 26/29 MP: 3/3
   812 | D:2      | Found a faded altar of an unknown god.
   891 | D:2      | You pick up a book of Air and begin reading...
   891 | D:2      | You add the spells Shock and Airstrike to your library.
   912 | D:2      | Found a basalt altar of Yredelemnul.
   921 | D:2      | Found Etzeof's One-of-a-Kind Rings.
  1034 | D:2      | Reached skill level 4 in Axes
  1034 | D:2      | Reached XP level 4. HP: 35/35 MP: 4/4
  1700 | D:3      | Noticed Jessica
  1706 | D:3      | Killed Jessica
  1707 | D:3      | Reached XP level 5. HP: 19/41 MP: 5/5
  1708 | D:3      | Reached skill level 5 in Axes
  1948 | D:3      | Noticed Robin
  2057 | D:3      | Killed Robin
  2496 | D:4      | Noticed Natasha
  2516 | D:4      | Killed Natasha
  2517 | D:4      | Reached XP level 6. HP: 15/42 MP: 6/6
  2520 | D:4      | HP: 7/42 [acid (4)]
  2523 | D:4      | Reached skill level 6 in Axes
  2664 | D:4      | Noticed a black bear
  2688 | D:4      | Killed a black bear
  2780 | D:4      | Noticed an ogre
  2880 | D:4      | Noticed Grinder
  2894 | D:4      | Killed Grinder
  2895 | D:4      | Reached skill level 7 in Axes
  2895 | D:4      | Reached XP level 7. HP: 13/52 MP: 7/7
  3046 | D:4      | Reached skill level 8 in Axes
  3071 | D:4      | Reached XP level 8. HP: 49/58 MP: 8/8
  3566 | D:5      | Entered Level 5 of the Dungeon
  3835 | D:5      | Reached skill level 9 in Axes
  4177 | D:5      | Found Maweohiv's Antique Armour Emporium.
  4180 | D:5      | Bought a brightly glowing ring mail for 225 gold pieces
  4180 | D:5      | Identified the +5 ring mail of the Realm of Zot {rF+} (You
                  | bought it in a shop on level 5 of the Dungeon)
  4733 | D:6      | Noticed a yak
  4733 | D:6      | Noticed a yak
  4734 | D:6      | Noticed a yak
  4735 | D:6      | Noticed a yak
  4742 | D:6      | Noticed a yak
  4742 | D:6      | Noticed a yak
  4752 | D:5      | Killed a yak
  4753 | D:5      | Reached skill level 10 in Axes
  4884 | D:5      | Killed a yak
  4885 | D:5      | Reached XP level 9. HP: 54/64 MP: 9/9
  4910 | D:5      | Reached skill level 11 in Axes
  5215 | D:6      | Noticed Duvessa
  5222 | D:5      | Reached skill level 12 in Axes
  5256 | D:6      | Noticed Pikel
  5295 | D:5      | Killed Pikel
  5315 | D:6      | You pick up a book of Power and begin reading...
  5315 | D:6      | You add the spells Iskenderun's Battlesphere, Iron Shot and
                  | Spellforged Servitor to your library.
  5648 | D:6      | Noticed Dowan
  5712 | D:6      | Killed Duvessa
  5713 | D:6      | Reached skill level 13 in Axes
  5713 | D:6      | Reached XP level 10. HP: 65/70 MP: 10/10
  5724 | D:6      | Killed Dowan
  6010 | D:7      | Identified a scroll of acquirement
  6010 | D:7      | Acquired the +2 pair of gloves "Veppue" {+Blink rC+++ rCorr
                  | Str-3}
  6039 | D:7      | Found a staircase to the Ecumenical Temple.
  6167 | D:7      | Noticed Prince Ribbit
  6195 | D:7      | Killed Prince Ribbit
  6289 | D:7      | Reached skill level 14 in Axes
  6443 | D:7      | Noticed Menkaure
  6450 | D:7      | Killed Menkaure
  6526 | D:7      | Found a blossoming altar of Fedhas.
  6567 | D:7      | Found a flagged portal.
  6596 | Bailey   | Entered a bailey
  6632 | Bailey   | Noticed an orc knight
  6639 | Bailey   | Identified a potion of experience
  6639 | Bailey   | Reached skill level 11 in Fighting
  6639 | Bailey   | Reached XP level 11. HP: 83/93 MP: 11/11
  6675 | Bailey   | Killed an orc knight
  6893 | Bailey   | Reached skill level 15 in Axes
  6911 | Bailey   | Reached skill level 9 in Armour
  6911 | Bailey   | Reached XP level 12. HP: 100/100 MP: 12/12
  6958 | Bailey   | Noticed an orc warlord
  6986 | Bailey   | HP: 15/100 [orc knight/+0 broad axe (37)]
  6987 | Bailey   | HP: 4/100 [orc warlord/+7 battleaxe (37)]
  6988 | Bailey   | Mangled by an orc warlord

Vanquished Creatures
  Pikel (D:5)
  An orc knight (Bailey)
  Grinder (D:4)
  Prince Ribbit (D:7)
  6 yaks
  Menkaure (D:7)
  Duvessa (D:6)
  12 orc warriors
  A sky beast (D:7)
  3 ogres
  An ice beast (D:7)
  A black bear (D:4)
  2 centaurs
  A phantom (D:4)
  A kobold brigand (D:7)
  A bullfrog (D:7)
  3 scorpions
  Dowan (D:6)
  2 howler monkeys (D:7)
  4 hounds (D:5)
  An orc priest (D:5)
  A jelly (D:4)
  Jessica (D:3)
  Natasha (D:4)
  An iguana (D:6)
  7 orc wizards
  Robin (D:3)
  7 adders
  7 gnolls
  3 white imps
  2 ufetubi (D:5)
  2 worms
  2 dart slugs
  31 orcs
  8 ball pythons
  4 endoplasms
  3 giant cockroaches
  26 goblins
  15 hobgoblins
  11 jackals
  3 quokkas
  3 bats
  3 frilled lizards
  16 kobolds
  4 rats
208 creatures vanquished.

Table legend:
 A = Non-vault XP
 B = Vault XP
 C = Vault XP percentage of total XP
 D = Non-vault monster count
 E = Vault monster count
 F = Vault count percentage of total count
                 A         B        C        D         E       F
            +---------+---------+-------+---------+---------+-------
      Total |    3160 |    4632 |  59.4 |     115 |      93 |  44.7
            +---------+---------+-------+---------+---------+-------
        D:1 |      26 |       3 |  10.3 |      16 |       2 |  11.1
        D:2 |      71 |      21 |  22.8 |      17 |      12 |  41.4
        D:3 |      52 |      67 |  56.3 |       8 |      11 |  57.9
        D:4 |     459 |     332 |  42.0 |      28 |       2 |   6.7
        D:5 |    1256 |     998 |  44.3 |      22 |       8 |  26.7
        D:6 |     461 |     538 |  53.9 |       5 |      10 |  66.7
        D:7 |     835 |     571 |  40.6 |      19 |       4 |  17.4
     Bailey |       0 |    2102 | 100.0 |       0 |      44 | 100.0
            +---------+---------+-------+---------+---------+-------

Illustrated notes

Table legend:
 A = Kills in this place as a percentage of kills in the entire game.
 B = Kills by you in this place as a percentage of kills by you in the entire game.
 C = Kills by friends in this place as a percentage of kills by friends in the entire game.
 D = Other kills in this place as a percentage of other kills in the entire game.
 E = Experience gained in this place as a percentage of experience gained in the entire game.
 F = Experience gained in this place divided by the number of levels of this place that you have seen.
                   A       B       C       D       E      F
               +-------+-------+-------+-------+-------+----------------------
         Total | 100.0 | 100.0 |   N/A |   N/A | 100.0 | 974.0
       Dungeon |  78.8 |  78.8 |   N/A |   N/A |  73.0 | 812.9
        Bailey |  21.2 |  21.2 |   N/A |   N/A |  27.0 | 2102.0
               +-------+-------+-------+-------+-------+----------------------

Table legend: (Time is in decaauts)
 A = Elapsed time spent in this place.
 B = Non-inter-level travel time spent in this place.
 C = Inter-level travel time spent in this place.
 D = Time resting spent in this place.
 E = Time spent auto-exploring this place.
 F = Levels seen in this place.
 G = Mean time per level.
                   A        B        C        D        E       F      G
               +--------+--------+--------+--------+--------+-----+--------+
         Total |   6942 |   6773 |    169 |    516 |   4549 |   8 |  867.8 |
       Dungeon |   6598 |   6429 |    169 |    441 |   4476 |   7 |  942.6 |
        Bailey |    344 |    344 |      0 |     75 |     73 |   1 |  344.0 |
               +--------+--------+--------+--------+--------+-----+--------+

Top non-repeatable levels by time:
     D:5: 1455 daAuts
     D:4: 1089 daAuts
     D:2: 977 daAuts
     D:6: 866 daAuts
     D:1: 811 daAuts
     D:3: 761 daAuts
     D:7: 636 daAuts
  Bailey: 344 daAuts
